 Dungeon Crawl Stone Soup version 0.27-a0-998-g4cfe56dd59 (webtiles) character file.

Game seed: 145206428903465661

6444 Lugonue the Blocker (level 10, -9/103 HPs)
             Began as an Octopode Berserker on Apr 16, 2021.
             Was a Priest of Trog.
             Mangled by a troll (10 damage)
             ... on level 9 of the Dungeon.
             The game lasted 00:17:15 (9626 turns).

Lugonue the Blocker (Octopode Berserker)            Turns: 9626, Time: 00:17:18

Health: -9/103     AC:  1    Str: 19    XL:     10   Next: 99%
Magic:  10/10      EV: 17    Int: 11    God:    Trog [***...]
Gold:   651        SH: 13    Dex: 11    Spells: 9/9 levels left

rFire    . . .     SeeInvis .   n - +6 club
rCold    + . .     Faith    .   x - +1 kite shield
rNeg     . . .     Spirit   .   (helmet restricted)
rPois    .         Reflect  .   A - amulet of regeneration
rElec    .         Harm     .   e - ring of willpower
rCorr    .         Rampage  .   m - +4 ring of evasion
Will     +++..                  j - ring of protection from cold
Stlth    ..........             (no ring)
HPRegen  2.27/turn              (no ring)
MPRegen  0.12/turn              (no ring)
                                (no ring)
                                (no ring)

@: berserking, regenerating, very quick
A: almost no armour, amphibious, 8 rings, camouflage 1, gelatinous body 1,
(nimble swimmer 1), tentacles
a: Renounce Religion, Berserk, Trog's Hand


You were on level 9 of the Dungeon.
You worshipped Trog.
Trog was most pleased with you.
You visited 1 branch of the dungeon, and saw 10 of its levels.

You collected 651 gold pieces.

Inventory:

Hand Weapons
 a - a +0 hand axe
 n - a +6 club (weapon)
 r - a +3 dire flail
Missiles
 s - a throwing net
 H - a javelin
 J - a curare-tipped dart
Armour
 x - a +1 kite shield (worn)
Jewellery
 e - a ring of willpower (left tentacle)
 j - a ring of protection from cold (on tentacle)
 m - a +4 ring of evasion (right tentacle)
 A - an amulet of regeneration (around mantle)
Wands
 g - a wand of flame (26) (quivered)
 o - a wand of mindburst (6)
 y - a wand of acid (22)
 D - a wand of paralysis (3)
Scrolls
 c - a scroll of enchant weapon
 d - 5 scrolls of teleportation
 f - 2 scrolls of torment
 h - 6 scrolls of identify
 p - a scroll of silence
 u - a scroll of amnesia
 z - a scroll of fog
 B - a scroll of magic mapping
 I - a scroll of immolation {unknown}
 L - a scroll of holy word {unknown}
 M - a scroll of fear
Potions
 b - 4 potions of haste
 i - 2 potions of lignification {unknown}
 k - a potion of brilliance {unknown}
 l - 2 potions of heal wounds
 q - 3 potions of degeneration {unknown}
 t - a potion of attraction {unknown}
 v - a potion of flight {unknown}
 w - a potion of curing {unknown}
 F - 3 potions of mutation {unknown}
 K - a potion of might


   Skills:
 + Level 6.9 Fighting
 - Level 0.4(4.0) Axes
 + Level 6.5 Maces & Flails
 * Level 4.7 Dodging
 - Level 1.3 Stealth
 * Level 12.5 Shields
 - Level 3.2 Unarmed Combat


You had 9 spell levels left.
You didn't know any spells.
Your spell library was empty.

Dungeon Overview and Level Annotations

Branches:
Dungeon (10/15)            Temple (0/1) D:5            Lair (0/6) D:8
    Orc: D:9-12

Altars:
Elyvilon
Hepliaklqana

Shops:
D:2 *   D:3 !


Innate Abilities, Weirdness & Mutations

You cannot wear most types of armour.
You are amphibious.
You can wear up to eight rings at the same time.
Your skin changes colour to match your surroundings (Stealth+).
Your rubbery body absorbs attacks. (AC +1, EV +1)
((You are camouflaged near water. (Stealth+)))
You have tentacles for arms and can constrict up to eight enemies at once.


Message History

The troll completely misses you. The troll claws you.
You block the troll's attack.
You climb upwards.
There is a stone staircase leading down here.
Unknown command.
Your skin crawls.
You feel strong-willed. The troll bites you! The troll barely misses you.
You block the troll's attack.
Unknown command.
You thump the troll!
The troll is moderately wounded.
The troll bites you! You block the troll's attack. x2
Unknown command.
You hit the troll. You squeeze the troll.
The troll is heavily wounded.
You block the troll's attack. x2; The troll barely misses you.
Unknown command.
You hit the troll.
The troll is heavily wounded.
The troll barely misses you. You block the troll's attack.
The troll barely misses you.
Unknown command.
Your shield prevents you from hitting the troll.
You squeeze the troll.
The troll is heavily wounded.
The troll bites you!! You block the troll's attack.
The troll closely misses you.
A red film seems to cover your vision as you go berserk!
You feel yourself moving faster!
You feel mighty! You block the troll's attack. The troll completely misses you.
The troll misses you.
You barely miss the troll.
The troll is moderately wounded.
You sock the troll!
The troll is almost dead.
The troll bites you!!
* * * LOW HITPOINT WARNING * * *
The troll claws you!
* * * LOW HITPOINT WARNING * * *
The troll claws you!
You die...

## ######## ## .# ##########
#......# #. .# #........#
#......### #. .###........#
###........## #.
.'.#........######........#..###.
.#.#...........T@..#......##..##.
.#.#.....>..########.)....###..#.
.#.#........# #......# ##.'.
.#.#........# #......# ###.
.#..........# #......# #.
.###........# ###.#### ## ##
######.### ##.# #### #..# #..#
#... ### ##.# #.## ###.##


You could see a troll.

Vanquished Creatures
  2 two-headed ogres (D:9)
  Maurice (D:8)
  Maggie (D:8)
  5 yaks (D:9)
  A steam dragon (D:9)
  2 water moccasins (D:6)
  An orc warrior (D:7)
  A black bear (D:7)
  A sky beast (D:5)
  A necrophage (D:6)
  An ogre (D:3)
  4 centaurs
  A phantom (D:5)
  3 kobold brigands
  2 gnoll sergeants (D:8)
  3 bullfrogs
  2 scorpions
  A wyvern skeleton (D:7)
  2 water moccasin skeletons (D:6)
  6 killer bees (D:9)
  10 wights
  6 howler monkeys
  2 centaur zombies (D:5)
  A jelly (D:8)
  5 hounds
  2 bullfrog zombies
  A centaur skeleton (D:5)
  2 orc priests
  2 gnoll shamans
  Ijyb (D:3)
  2 bullfrog skeletons
  5 orc wizards
  Robin (D:3)
  10 gnolls
  4 adders
  3 shadow imps
  A white imp (D:6)
  An adder skeleton (D:4)
  3 worms
  A dart slug (D:5)
  16 orcs
  5 bats
  3 endoplasms
  2 giant cockroaches
  14 goblins
  7 hobgoblins
  20 kobolds
  3 quokkas
  5 ball pythons
  5 rats
184 creatures vanquished.

Notes
Turn   | Place    | Note
-------+----------+-------------------------------------------
     0 | D:1      | Lugonue the Octopode Berserker began the quest for the Orb.
     0 | D:1      | Reached XP level 1. HP: 16/16 MP: 1/1
   552 | D:1      | Reached XP level 2. HP: 21/21 MP: 2/2
   771 | D:1      | Reached skill level 1 in Stealth
  1298 | D:2      | Found Xuuw Loxt's General Store.
  1457 | D:2      | Reached XP level 3. HP: 26/26 MP: 3/3
  1573 | D:2      | Found a hazy altar of Hepliaklqana.
  2611 | D:2      | Found a faded altar of an unknown god.
  2781 | D:3      | Found Jumit's Distillery.
  2819 | D:3      | Noticed Ijyb
  2823 | D:3      | Killed Ijyb
  2823 | D:3      | Reached ** piety under Trog
  2824 | D:3      | Reached XP level 4. HP: 11/33 MP: 4/4
  3367 | D:3      | Noticed Robin
  3373 | D:3      | Killed Robin
  3480 | D:3      | Noticed an ogre
  3491 | D:3      | Killed an ogre
  3492 | D:3      | Reached skill level 5 in Fighting
  3492 | D:3      | Reached skill level 1 in Maces & Flails
  3492 | D:3      | Reached XP level 5. HP: 39/39 MP: 5/5
  3815 | D:4      | Reached XP level 6. HP: 45/45 MP: 6/6
  3901 | D:4      | You fall into a shaft and drop 1 floor!
  3901 | D:5      | Entered Level 5 of the Dungeon
  3904 | D:5      | Found a staircase to the Ecumenical Temple.
  4144 | D:5      | Reached skill level 1 in Shields
  4341 | D:5      | Reached XP level 7. HP: 45/51 MP: 7/7
  4946 | D:5      | Reached skill level 5 in Maces & Flails
  5804 | D:6      | Reached XP level 8. HP: 34/58 MP: 8/8
  5845 | D:6      | Reached skill level 2 in Shields
  5866 | D:6      | Reached skill level 3 in Shields
  6008 | D:6      | Reached skill level 4 in Shields
  6518 | D:6      | Reached skill level 5 in Shields
  6717 | D:6      | Reached skill level 6 in Shields
  7070 | D:7      | Reached XP level 9. HP: 63/63 MP: 9/9
  7073 | D:7      | Reached skill level 7 in Shields
  7155 | D:7      | Reached *** piety under Trog
  7461 | D:7      | Reached skill level 8 in Shields
  7677 | D:7      | Found a hazy altar of Hepliaklqana.
  7678 | D:7      | Found a white marble altar of Elyvilon.
  8106 | D:8      | Noticed Maurice
  8113 | D:8      | Noticed Maggie
  8115 | D:8      | Killed Maurice
  8116 | D:8      | Reached skill level 9 in Shields
  8157 | D:8      | Killed Maggie
  8158 | D:8      | Reached skill level 10 in Shields
  8199 | D:8      | Reached XP level 10. HP: 69/69 MP: 10/10
  8591 | D:8      | Reached skill level 11 in Shields
  8803 | D:8      | Found a staircase to the Lair.
  9388 | D:9      | Noticed a two-headed ogre
  9402 | D:9      | Killed a two-headed ogre
  9403 | D:9      | Reached skill level 12 in Shields
  9407 | D:9      | Identified the +5 whip of Duty {pain, Will+ Dex+3}
  9463 | D:9      | Noticed a two-headed ogre
  9501 | D:9      | Killed a two-headed ogre
  9614 | D:10     | Entered Level 10 of the Dungeon
  9626 | D:9      | HP: 1/103 [troll (15)]
  9626 | D:9      | Mangled by a troll

Illustrated notes

Levels and vault maps discovered:
D:1:      lemuel_arrival_cross, layout_loops_corners
D:2:      layout_loops_corners, basic_altar,
          hellmonk_ecumenical_altar_prayer_group, serial_shops,
          nicolae_shop_behind_doors, dk_noncrumbling_2
D:3:      layout_loops_cross, serial_shops,
          nicolae_shop_competitors_out_of_business, uniq_robin, uniq_ijyb
D:4:      layout_loops_ring
D:5:      layout_loops_ring, minmay_temple_entry_mist
D:6:      minmay_inner_zag, layout_basic
D:7:      layout_basic, gammafunk_temple_overflow_statue
D:8:      layout_cave_pools, lair_entry_dummy, minmay_fractal_squares_5,
          uniq_maurice, uniq_maggie
D:9:      layout_roguey, minivault_22
D:10:     layout_cave_pools, orc_0_dummy, serial_bayou_crossing

Skill      XL: |  1  2  3  4  5  6  7  8  9 10 |
---------------+-------------------------------+-----
Stealth        | 1 |  1.3
Fighting       | 4 5 6 |  6.9
Maces & Flails | 1 2 3 5 6 |  6.5
Shields        | 1 6 10 12 | 12.5
Dodging        | 4 |  4.7
Axes           | |  0.4
Unarmed Combat | |  3.2

Action                   |  1- 3 |  4- 6 |  7- 9 | 10-12 || total
-------------------------+-------+-------+-------+-------++-------
Melee: Hand axe          |    61 |       |       |       ||    61
       Constrict         |    17 |    17 |    48 |    18 ||   100
       Tentacles         |    13 |    21 |    46 |    36 ||   116
       Punch             |     1 |     3 |     7 |     3 ||    14
       Club              |       |    80 |   206 |   161 ||   447
       Whip              |       |       |       |     2 ||     2
Throw: Dart              |       |       |     2 |       ||     2
       Javelin           |       |       |       |     3 ||     3
Invok: Berserk           |     1 |     2 |     5 |     2 ||    10
       Trog's Hand       |       |     3 |     8 |     6 ||    17
Evoke: Wand              |       |     3 |     3 |    16 ||    22
  Use: Potion            |       |       |     1 |     2 ||     3
       Scroll            |       |       |    12 |       ||    12
 Stab: Sleeping          |    11 |     3 |     7 |     2 ||    23
       Paralysed         |       |       |       |     4 ||     4
Armor: Skin              |     3 |     9 |    10 |     3 ||    25
Dodge: Dodged            |    35 |    65 |   108 |    98 ||   306
Block: Buckler           |     1 |    11 |     4 |       ||    16
       Kite shield       |       |       |   129 |   131 ||   260

Table legend: (Time is in decaauts)
 A = Elapsed time spent in this place.
 B = Non-inter-level travel time spent in this place.
 C = Inter-level travel time spent in this place.
 D = Time resting spent in this place.
 E = Time spent auto-exploring this place.
 F = Levels seen in this place.
 G = Mean time per level.
                   A        B        C        D        E       F      G
               +--------+--------+--------+--------+--------+-----+--------+
         Total |   9792 |   9427 |    365 |    154 |   7714 |  10 |  979.2 |
       Dungeon |   9792 |   9427 |    365 |    154 |   7714 |  10 |  979.2 |
               +--------+--------+--------+--------+--------+-----+--------+

Top non-repeatable levels by time:
     D:2: 1564 daAuts
     D:5: 1395 daAuts
     D:6: 1330 daAuts
     D:1: 1209 daAuts
     D:7: 1093 daAuts
     D:3: 902 daAuts
     D:4: 778 daAuts
     D:8: 770 daAuts
     D:9: 744 daAuts
    D:10: 3 daAuts
